 Dungeon Crawl Stone Soup version 0.31-a0-232-gb1c03b2570 (webtiles) character file.

Game seed: 7310276372674343300

203068 qw the Crack Shot (level 17, -4/163 HPs)
             Began as a Minotaur Hexslinger on July 7, 2023.
             Was a High Priest of Okawaru.
             Slain by a vault warden
             ... wielding a +2 antimagic bardiche
              (34 damage)
             ... on level 1 of the Vaults.
             The game lasted 00:12:45 (24632 turns).

qw the Crack Shot (Minotaur Hexslinger)            Turns: 24632, Time: 00:12:45

Health: -4/163     AC: 16    Str: 13    XL:     17   Next: 96%
Magic:  0/23       EV: 38    Int: 14    God:    Okawaru [*****.]
Gold:   3134       SH:  0    Dex: 35    Spells: 17/18 levels left

rFire   . . .        v - +7 triple crossbow "Paohas" {flame, rN+ rCorr Int+4}
rCold   + + +        (shield currently unavailable)
rNeg    + . .        w - +2 robe of Uciuzo {*Slow rC+++ Regen+ SInv}
rPois   .            (helmet restricted)
rElec   +            p - +2 cloak {rCorr}
rCorr   +            u - +0 pair of gloves "Jifac" {Contam Dex+5}
SInv    +            o - +2 pair of boots
Will    +....        d - amulet of regeneration
Stlth   +++          r - ring "Ampiegg" {rElec AC+4 Dex+3}
HPRegen 2.07/turn    b - +6 ring of dexterity
MPRegen 0.18/turn

%: slow self (1%)
@: about to teleport
A: horns 2, retaliatory headbutt
}: 1/15 runes: decaying
a: Renounce Religion, Heroism, Finesse, Duel


You were on level 1 of the Vaults.
You worshipped Okawaru.
Okawaru was extremely pleased with you.
You visited 7 branches of the dungeon, and saw 31 of its levels.
You also visited: Sewer and Gauntlet.

You collected 3708 gold pieces.
You spent 574 gold pieces at shops.


Innate Abilities, Weirdness & Mutations

You have a pair of horns on your head.
You reflexively headbutt those who attack you in melee.


   Skills:
 - Level 18.0 Fighting
 - Level 22.0 Ranged Weapons
 - Level 8.1 Armour
 + Level 19.6 Dodging
 - Level 1.0 Spellcasting
 - Level 2.0 Hexes
 - Level 10.0 Invocations


You had 17 spell levels left.
You knew the following spells:

 Your Spells              Type           Power      Damage    Failure   Level
a - Slow                  Hex            24%        N/A       12%         1

Your spell library contained the following spells:

 Spells                   Type           Power      Damage    Failure   Level
 Inner Flame              Hex/Fire       3%         N/A       45%         3
 Portal Projectile        Hex/Tloc       6%         N/A       45%         3
 Cause Fear               Hex            3%         N/A       75%         4

Inventory:

Hand Weapons
 v - the +7 triple crossbow "Paohas" (weapon) {flame, rN+ rCorr Int+4}
   (Okawaru gifted it to you on level 13 of the Dungeon)

   Int:       It affects your intelligence (+4).
   rN:        It protects you from negative energy.
   rCorr:     It protects you from acid and corrosion.
Armour
 g - +0 swamp dragon scales
 o - a +2 pair of boots (worn)
 p - a +2 cloak of preservation (worn)
 s - a +0 troll leather armour
 u - the +0 pair of gloves "Jifac" (worn) {Contam Dex+5}
   (You found it on level 3 of the Spider Nest)

   Dex:       It affects your dexterity (+5).
   Contam:    It causes magical contamination when unequipped.
 w - the +2 robe of Uciuzo (worn) {*Slow rC+++ Regen+ SInv}
   (Okawaru gifted it to you on level 2 of the Orcish Mines)

   rC:        It renders you almost immune to cold.
   SInv:      It lets you see invisible.
   Regen:     It increases your rate of health regeneration.
   *Slow:     It may slow you when you take damage.
 x - a +2 leather armour of fire resistance
Jewellery
 b - a +6 ring of dexterity (right hand)
 d - an amulet of regeneration (around neck)
 r - the ring "Ampiegg" (left hand) {rElec AC+4 Dex+3}
   (You acquired it on level 11 of the Dungeon)

   [ring of protection]

   AC:        It affects your AC (+4).
   Dex:       It affects your dexterity (+3).
   rElec:     It insulates you from electricity.
Wands
 i - a wand of digging (18)
Scrolls
 a - 8 scrolls of identify
 c - a scroll of enchant armour
 k - 12 scrolls of teleportation
Potions
 e - 6 potions of mutation
 f - 2 potions of heal wounds
 h - 3 potions of enlightenment
 j - a potion of magic
 l - 6 potions of curing
 n - 3 potions of might
 q - a potion of cancellation
 t - a potion of haste

Dungeon Overview and Level Annotations

Branches:
Dungeon (15/15)            Temple (1/1) D:7            Lair (5/5) D:11
  Swamp (4/4) Lair:2       Spider (3/4) Lair:3        Slime (0/5) Lair:4
    Orc (2/2) D:10            Elf (0/3) Orc:2        Vaults (1/5) D:13
 Depths (0/4) D:15          Sewer (visited)         Gauntlet (visited)

Altars:
Ashenzari
Cheibriados
Dithmenos
Elyvilon
Fedhas
Gozag
Hepliaklqana
Kikubaaqudgha
Makhleb
Nemelex Xobeh
Okawaru
Qazlal
Ru
Sif Muna
Trog
Uskayaw
Vehumet
Wu Jian
Xom
Yredelemnul
Zin
The Shining One

Shops:
D:1 *   D:9 *   D:14 *   Orc:2 (*[:(

Portals:
Trove: D:12 (give +6 demon trident)

Annotations:
D:9 3 runed translucent doors, qw's ghost, journeyman GrFi
D:12 2 transporters
Swamp:3 1 runed translucent door
Swamp:4 3 runed translucent doors, qw's ghost, adept GrFi


Message History

You kill the yaktaur!
Okawaru accepts your kill.
The vault warden hits you from afar with a +2 antimagic bardiche.
You feel your power leaking away.
The yaktaur wields a +0 arbalest.
The yaktaur shoots a bolt.
The bolt completely misses you.
The vault warden hits you from afar with a +2 antimagic bardiche!!!
You feel your power leaking away.
You shoot a bolt. The bolt hits the vault warden!!
The bolt burns the vault warden!
The vault warden is heavily wounded.
The vault warden throws a stone.
The stone completely misses you.
You shoot a bolt. The bolt hits the necromancer.
The bolt burns the necromancer.
The necromancer is lightly wounded.
The vault warden closely misses you.
The necromancer gestures at you while chanting.
Your body is wracked with pain!
You shoot a bolt. The bolt hits the necromancer!
The bolt burns the necromancer.
The necromancer is heavily wounded.
The necromancer completely misses you. You furiously retaliate!
You headbutt the necromancer!
The vault warden hits you from afar with a +2 antimagic bardiche!
You feel your power leaking away.
You shoot a bolt. The bolt misses the necromancer.
The bolt hits the yaktaur!!
The bolt burns the yaktaur.
The yaktaur is almost dead.
The necromancer points at you and mumbles some strange words.
The bolt of negative energy misses you. The vault warden completely misses you.
You shoot a bolt. The bolt hits the necromancer!!
The bolt burns the necromancer.
You kill the necromancer!
Okawaru accepts your kill.
The vault warden hits you from afar with a +2 antimagic bardiche!
The vault warden closely misses you.
24632 ||| READING 13 scrolls of teleportation.
As you read the scroll of teleportation, it crumbles to dust.
You feel strangely unstable.
The yaktaur unwields a +0 arbalest.
The yaktaur hits you!
The vault warden hits you from afar with a +2 antimagic bardiche!!
You die...

########## #.........
#...[..... #........c
#.....Z... #...Z.Z...
#Zp...c.p.
####c########
#....@......#
#.######+##}# #
#...#}# #.# #####}#
#.# #...).# '.#
#####.# #.+
#.#.#.#########
#.#####[#.#.+........
#.#.?.#.#.'.#........


You could see a vault warden, a yaktaur and an ettin simulacrum.

Vanquished Creatures
  Saint Roka (Orc:2)
  Jorgrun (D:12)
  Mlioglotl (Swamp:2)
  Agnes (D:14)
  A thorn hunter (Swamp:4)
  Roxanne (D:15)
  3 fenstrider witches
  4 emperor scorpions
  A ghost moth (Spider:2)
  Louise (Swamp:2)
  A caustic shrike zombie (D:15)
  2 vault wardens (Vaults:1)
  An orc warlord (Orc:2)
  An ironbound preserver (Vaults:1)
  A very ugly thing (Spider:3)
  An ironbound thunderhulk (Vaults:1)
  3 eleionomae
  A dire elephant (Vaults:1)
  3 bunyips
  A minotaur (Gauntlet)
  2 shambling mangroves
  3 entropy weavers
  20 hydras
  3 catoblepae
  3 ghost crabs
  An ogre mage (D:15)
  8 vault guards (D:13)
  4 radroaches
  2 tengu warriors
  8 boulder beetles
  11 alligators
  5 centaur warriors
  9 two-headed ogres
  An orc high priest (Orc:2)
  Sonja (Lair:3)
  5 demonic crawlers
  2 pharaoh ants
  8 skeletal warriors
  3 spriggan druids
  2 orb spiders
  4 deep trolls (Vaults:1)
  7 swamp dragons (Swamp:4)
  6 orc knights
  A phantasmal warrior (D:15)
  4 bog bodies
  A shadow dragon zombie (D:15)
  A lindwurm (Vaults:1)
  5 steelbarb worms
  2 necromancers
  A deep elf pyromancer (D:14)
  3 cyclopes
  4 orc sorcerers (Orc:2)
  A stone giant zombie (D:15)
  5 manticores
  6 will-o-the-wisps
  16 ugly things
  15 wolf spiders
  2 moths of wrath (Spider:2)
  Maurice (D:9)
  11 elephants
  5 black mambas
  A stone giant skeleton (D:15)
  5 torpor snails
  A water nymph (shapeshifter) (D:10)
  7 cane toads
  A gargoyle (Gauntlet)
  A human zombie (Vaults:1)
  2 rime drakes
  3 kobold demonologists (D:13)
  8 komodo dragons
  2 tengu conjurers
  A freezing wraith (D:15)
  6 yaktaurs
  8 trolls
  A tengu simulacrum (Vaults:1)
  8 polar bears
  4 blink frogs (Lair:1)
  3 meliai (Spider:1)
  26 tarantellas
  A wind drake (shapeshifter) (D:14)
  9 tyrant leeches
  13 hornets
  7 dream sheep (Lair:5)
  8 slime creatures
  20 culicivoras
  32 jumping spiders
  A vampire (D:12)
  3 shadows
  75 yaks
  17 spriggans
  10 wyverns
  2 basilisks
  2 steam dragons (D:10)
  Eustachio (D:5)
  40 redbacks
  A golden eye (shapeshifter) (D:14)
  17 vampire mosquitoes
  7 wargs
  13 swamp worms
  An acid dragon (D:10)
  11 water moccasins
  10 swamp drakes
  6 ice beasts
  A sky beast (D:7)
  3 black bears
  23 orc warriors
  13 ogres
  15 centaurs
  4 boggarts (Lair:5)
  23 wolves
  2 phantoms
  5 kobold brigands
  9 bullfrogs
  3 scorpions
  A wight (D:10)
  19 killer bees (D:9)
  8 howler monkeys
  2 electric eels
  A hound (D:5)
  3 jellies
  20 orc priests
  4 sleepcaps
  A gnoll bouda (D:7)
  2 iguanas
  Natasha (thrice) (D:2)
  18 orc wizards
  Robin (D:2)
  4 gnolls
  8 adders
  2 river rats (D:6)
  A shadow imp (D:7)
  A white imp (D:8)
  3 worms
  5 dart slugs
  65 orcs
  9 ball pythons
  5 bats
  12 endoplasms
  7 giant cockroaches
  15 goblins
  12 hobgoblins
  16 jackals
  8 quokkas
  10 frilled lizards
  18 kobolds
  5 rats
1017 creatures vanquished.

Vanquished Creatures (others)
  6 foxfires
6 creatures vanquished.

Grand Total: 1023 creatures vanquished

Notes
Turn   | Place    | Note
-------+----------+-------------------------------------------
     0 | D:1      | qw the Minotaur Hexslinger began the quest for the Orb.
     0 | D:1      | Reached XP level 1. HP: 16/16 MP: 1/1
     0 | D:1      | 0 ||| qw: Version: 0.3-a-46-gb1f654a
     0 | D:1      | 0 ||| qw: Game counter: 2289
     0 | D:1      | 0 ||| qw: Melee chars always use a shield: true
     0 | D:1      | 0 ||| qw: God list: Okawaru
     0 | D:1      | 0 ||| qw: Allow faded altars: false
     0 | D:1      | 0 ||| qw: Do Orc after clearing Dungeon:15 true
     0 | D:1      | 0 ||| qw: Do second Lair branch before Depths: true
     0 | D:1      | 0 ||| qw: Lair rune preference: random
     0 | D:1      | 0 ||| qw: Goals: Normal
     0 | D:1      | 0 ||| PLANNING D:1-11
   215 | D:1      | Reached skill level 3 in Ranged Weapons
   215 | D:1      | Reached XP level 2. HP: 21/23 MP: 2/2
   538 | D:1      | Reached XP level 3. HP: 12/29 MP: 3/3
   544 | D:1      | HP: 7/29 [poisoned by a goblin]
   721 | D:1      | Found Sonaf's Assorted Antiques.
   732 | D:1      | 732 ||| SHOPLISTING grey potion (23 gold, have 14).
   732 | D:1      | 732 ||| SHOPLISTING ring mail (104 gold, have 14).
   732 | D:1      | 732 ||| SHOPLISTING scroll labelled ABLAIW ZIF YXO (26
                  | gold, have 14).
   732 | D:1      | 732 ||| SHOPLISTING scroll labelled QIFIUNYIWA (26 gold,
                  | have 14).
   903 | D:1      | 903 ||| UPGRADING to amulet of regeneration.
   908 | D:1      | 908 ||| DROPPING ring of wizardry.
   909 | D:1      | 909 ||| UPGRADING to ring of positive energy.
   910 | D:1      | 910 ||| READING 3 scrolls labelled ABLAIW ZIF YXO.
   911 | D:1      | 911 ||| READING scroll labelled QIFIUNYIWA.
   912 | D:1      | 912 ||| READING scroll labelled RYBLAE GOEK.
   913 | D:1      | 913 ||| READING 2 scrolls of identify.
   913 | D:1      | 913 ||| IDENTIFYING clear potion
   914 | D:1      | 914 ||| DROPPING scroll of poison.
   931 | D:2      | 931 ||| STAIRDANCE
   983 | D:2      | Reached skill level 4 in Ranged Weapons
  1155 | D:2      | 1155 ||| FLEEEEING.
  1198 | D:2      | Noticed Natasha
  1206 | D:2      | Killed Natasha
  1207 | D:2      | Reached XP level 4. HP: 30/36 MP: 4/4
  1335 | D:2      | Reached skill level 5 in Ranged Weapons
  1356 | D:2      | Reached skill level 3 in Fighting
  1356 | D:2      | Reached XP level 5. HP: 35/45 MP: 5/5
  1356 | D:2      | 1356 ||| FLEEEEING.
  1358 | D:2      | 1358 ||| FLEEEEING.
  1359 | D:2      | 1359 ||| FLEEEEING.
  1360 | D:2      | 1360 ||| STAIRDANCE
  1368 | D:1      | 1368 ||| READING scroll labelled JUQURCH SEJYD.
  1369 | D:1      | 1369 ||| READING scroll labelled CYOCOF YRAIMM.
  1548 | D:2      | Noticed Natasha
  1555 | D:2      | Killed Natasha
  1627 | D:2      | Noticed Robin
  1628 | D:2      | 1628 ||| Stepping ~*~*~tactically~*~*~ (outnumbered).
  1650 | D:2      | Killed Robin
  1655 | D:2      | Noticed Natasha
  1657 | D:2      | 1657 ||| FLEEEEING.
  1672 | D:2      | Killed Natasha
  1673 | D:2      | Reached skill level 6 in Ranged Weapons
  1723 | D:2      | 1723 ||| UPGRADING to +1 animal skin.
  1733 | D:2      | 1733 ||| DROPPING +0 robe.
  1734 | D:2      | 1734 ||| UPGRADING to +0 pair of gloves.
  1758 | D:2      | 1758 ||| SWAPPING to +0 arbalest.
  1759 | D:2      | 1759 ||| DROPPING +1 sling.
  2017 | D:2      | 2017 ||| READING 5 scrolls of identify.
  2017 | D:2      | 2017 ||| IDENTIFYING silvery potion
  2018 | D:2      | 2018 ||| READING 4 scrolls of identify.
  2018 | D:2      | 2018 ||| IDENTIFYING brown potion
  2019 | D:2      | 2019 ||| DROPPING potion of attraction.
  2020 | D:2      | 2020 ||| DROPPING potion of brilliance.
  2237 | D:3      | Found a stormy altar of Qazlal.
  2431 | D:3      | Reached XP level 6. HP: 52/52 MP: 6/6
  2721 | D:3      | 2721 ||| UPGRADING to +0 leather armour.
  2731 | D:3      | 2731 ||| DROPPING +1 animal skin.
  2732 | D:3      | 2732 ||| UPGRADING to ring of resist corrosion.
  2733 | D:3      | 2733 ||| READING scroll labelled SEHI FANOILA.
  2734 | D:3      | 2734 ||| READING 2 scrolls labelled TIMEDUINEOBB.
  2735 | D:3      | 2735 ||| READING 4 scrolls of identify.
  2735 | D:3      | 2735 ||| IDENTIFYING dark potion
  2736 | D:3      | 2736 ||| DROPPING scroll of fog.
  2737 | D:3      | 2737 ||| DROPPING potion of lignification.
  2786 | D:4      | Reached skill level 1 in Armour
  2925 | D:4      | Found a shimmering blue altar of Sif Muna.
  2932 | D:4      | Found a white marble altar of Elyvilon.
  2932 | D:4      | Found a hazy altar of Hepliaklqana.
  2935 | D:4      | Found a shimmering altar of Xom.
  2935 | D:4      | Found a basalt altar of Yredelemnul.
  2935 | D:4      | Found a shimmering altar of Xom.
  2957 | D:4      | Found a blossoming altar of Fedhas.
  2995 | D:4      | Reached skill level 7 in Ranged Weapons
  3036 | D:4      | 3036 ||| Stepping ~*~*~tactically~*~*~ (outnumbered).
  3037 | D:4      | 3037 ||| Stepping ~*~*~tactically~*~*~ (outnumbered).
  3044 | D:4      | Reached XP level 7. HP: 23/59 MP: 7/7
  3253 | D:4      | 3253 ||| UPGRADING to +0 ring mail.
  3263 | D:4      | 3263 ||| DROPPING +0 leather armour.
  3264 | D:4      | 3264 ||| READING scroll labelled CAPIENL OF ABAESH.
  3272 | D:5      | Entered Level 5 of the Dungeon
  3302 | D:5      | Reached skill level 8 in Ranged Weapons
  3345 | D:5      | Reached skill level 3 in Armour
  3490 | D:5      | Found a bloodstained altar of Trog.
  3585 | D:5      | Noticed Eustachio
  3593 | D:5      | Reached XP level 8. HP: 69/69 MP: 8/8
  3605 | D:5      | Killed Eustachio
  3606 | D:5      | Reached skill level 9 in Ranged Weapons
  3806 | D:5      | Reached skill level 3 in Dodging
  4052 | D:5      | 4052 ||| READING 4 scrolls of identify.
  4052 | D:5      | 4052 ||| IDENTIFYING grey potion
  4053 | D:5      | 4053 ||| READING 3 scrolls of identify.
  4053 | D:5      | 4053 ||| IDENTIFYING inky potion
  4054 | D:5      | 4054 ||| DROPPING potion of invisibility.
  4061 | D:6      | 4061 ||| PLANNING SEWER
  4063 | D:6      | Reached skill level 6 in Fighting
  4067 | D:6      | 4067 ||| STAIRDANCE
  4108 | D:6      | Found a glowing drain.
  4120 | Sewer    | Entered a sewer
  4139 | Sewer    | 4139 ||| Stepping ~*~*~tactically~*~*~ (water).
  4210 | Sewer    | 4210 ||| Stepping ~*~*~tactically~*~*~ (water).
  4221 | Sewer    | 4221 ||| Stepping ~*~*~tactically~*~*~ (water).
  4312 | Sewer    | Reached skill level 10 in Ranged Weapons
  4533 | Sewer    | 4533 ||| READING scroll labelled DOAWOM WUFIEPS.
  4553 | D:6      | 4553 ||| PLANNING D:1-11
  4671 | D:6      | 4671 ||| FLEEEEING.
  4672 | D:6      | 4672 ||| FLEEEEING.
  4673 | D:6      | 4673 ||| FLEEEEING.
  4674 | D:6      | 4674 ||| FLEEEEING.
  4675 | D:6      | 4675 ||| STAIRDANCE
  4684 | D:5      | 4684 ||| READING 3 scrolls of identify.
  4684 | D:5      | 4684 ||| IDENTIFYING fizzy coppery potion
  4689 | D:6      | Reached XP level 9. HP: 79/79 MP: 9/9
  5111 | D:6      | Found an ornate altar of the Wu Jian Council.
  5120 | D:6      | 5120 ||| UPGRADING to ring of protection from cold.
  5122 | D:6      | 5122 ||| READING 2 scrolls labelled CIEMO RICSI.
  5126 | D:6      | 5126 ||| READING 3 scrolls of identify.
  5126 | D:6      | 5126 ||| IDENTIFYING purple potion
  5127 | D:6      | 5127 ||| READING 2 scrolls of identify.
  5127 | D:6      | 5127 ||| IDENTIFYING glowing yellow potion
  5128 | D:6      | 5128 ||| DROPPING potion of berserk rage.
  5129 | D:6      | 5129 ||| DROPPING potion of magic.
  5163 | D:7      | 5163 ||| STAIRDANCE
  5179 | D:7      | 5179 ||| STAIRDANCE
  5199 | D:7      | 5199 ||| STAIRDANCE
  5213 | D:7      | 5213 ||| STAIRDANCE
  5227 | D:7      | 5227 ||| STAIRDANCE
  5346 | D:7      | Reached skill level 11 in Ranged Weapons
  5472 | D:7      | 5472 ||| FLEEEEING.
  5473 | D:7      | 5473 ||| FLEEEEING.
  5607 | D:7      | Found a sacrificial altar of Ru.
  5688 | D:7      | Found a snail-covered altar of Cheibriados.
  5821 | D:7      | Found a staircase to the Ecumenical Temple.
  5822 | D:7      | 5822 ||| PLANNING TEMPLE
  5822 | D:7      | 5822 ||| DROPPING ring of positive energy.
  5823 | D:7      | 5823 ||| DROPPING ring of magical power.
  5824 | D:7      | 5824 ||| UPGRADING to +6 ring of dexterity.
  5826 | D:7      | 5826 ||| UPGRADING to ring of protection from cold.
  5828 | D:7      | 5828 ||| READING scroll labelled REJ FECKENYD.
  5829 | D:7      | 5829 ||| READING scroll labelled MINAOL RODIAFF.
  5830 | D:7      | 5830 ||| READING scroll labelled ANOQELOUTH.
  5939 | Temple   | Entered the Ecumenical Temple
  5985 | Temple   | 5985 ||| PLANNING OKAWARU WORSHIP
  6172 | Temple   | Became a worshipper of Warmaster Okawaru
  6173 | Temple   | 6173 ||| PLANNING D:1-11
  6308 | D:8      | 6308 ||| STAIRDANCE
  6347 | D:8      | Reached skill level 12 in Ranged Weapons
  6385 | D:8      | Reached * piety under Okawaru
  6419 | D:8      | 6419 ||| INVOKING Heroism.
  6519 | D:8      | Found a shadowy altar of Dithmenos.
  6572 | D:8      | Paralysed by a hornet for 1 turns
  6645 | D:8      | Found a basalt altar of Yredelemnul.
  6795 | D:8      | Reached skill level 1 in Invocations
  6860 | D:9      | Reached XP level 10. HP: 79/90 MP: 10/10
  6860 | D:9      | 6860 ||| FLEEEEING.
  6869 | D:9      | Reached skill level 6 in Dodging
  6892 | D:9      | Reached ** piety under Okawaru
  6954 | D:9      | Reached skill level 3 in Invocations
  7044 | D:9      | 7044 ||| INVOKING Heroism.
  7108 | D:9      | 7108 ||| READING scroll of enchant weapon.
  7108 | D:9      | 7108 ||| ENCHANTING +1 arbalest of freezing.
  7139 | D:9      | Noticed Maurice
  7150 | D:9      | Killed Maurice
  7202 | D:9      | 7202 ||| INVOKING Heroism.
  7205 | D:9      | Reached skill level 13 in Ranged Weapons
  7251 | D:9      | Reached *** piety under Okawaru
  7252 | D:9      | Reached skill level 9 in Fighting
  7335 | D:9      | Found Dileicsa's General Store.
  7345 | D:9      | 7345 ||| BUYING potion of might (56 gold).
  7345 | D:9      | Bought a potion of might for 56 gold pieces
  7755 | D:9      | Found a runed translucent gate.
  7755 | D:9      | Found a runed translucent gate.
  7758 | D:9      | Noticed qw's ghost (journeyman GrFi)
  7761 | D:9      | Found a runed translucent gate.
  7881 | D:9      | Identified the +3 ring mail of the Crypt {rPois rCorr
                  | Int-2}
  8209 | D:9      | 8209 ||| UPGRADING to +1 cloak.
  8214 | D:9      | 8214 ||| UPGRADING to +1 pair of boots.
  8219 | D:9      | 8219 ||| READING 3 scrolls of identify.
  8219 | D:9      | 8219 ||| IDENTIFYING white potion
  8233 | D:10     | Entered Level 10 of the Dungeon
  8235 | D:10     | 8235 ||| STAIRDANCE
  8369 | D:10     | 8369 ||| STAIRDANCE
  8427 | D:10     | 8427 ||| INVOKING Heroism.
  8429 | D:10     | 8429 ||| Stepping ~*~*~tactically~*~*~ (cloud).
  8594 | D:10     | 8594 ||| READING scroll of enchant armour.
  8594 | D:10     | 8594 ||| ENCHANTING +0 pair of gloves.
  8667 | D:10     | Found a white marble altar of Elyvilon.
  8667 | D:10     | Found a glowing silver altar of Zin.
  8668 | D:10     | Found a glowing golden altar of the Shining One.
  8713 | D:10     | Noticed a two-headed ogre
  8714 | D:10     | 8714 ||| INVOKING Heroism.
  8715 | D:10     | Noticed a wolf spider
  8716 | D:10     | Killed a two-headed ogre
  8718 | D:10     | Noticed a water nymph
  8720 | D:10     | Killed a wolf spider
  8720 | D:10     | Noticed a two-headed ogre
  8721 | D:10     | Reached skill level 14 in Ranged Weapons
  8724 | D:10     | Reached XP level 11. HP: 88/97 MP: 11/13
  8724 | D:10     | 8724 ||| Stepping ~*~*~tactically~*~*~ (water).
  8726 | D:10     | 8726 ||| Stepping ~*~*~tactically~*~*~ (water).
  8727 | D:10     | 8727 ||| Stepping ~*~*~tactically~*~*~ (water).
  8728 | D:10     | Reached **** piety under Okawaru
  8733 | D:10     | Killed a two-headed ogre
  8785 | D:10     | 8785 ||| INVOKING Heroism.
  8991 | D:10     | Found a staircase to the Orcish Mines.
  9117 | D:11     | Noticed a red ugly thing
  9121 | D:11     | Killed a red ugly thing
  9128 | D:11     | 9128 ||| INVOKING Heroism.
  9140 | D:11     | Reached skill level 6 in Invocations
  9173 | D:11     | Reached ***** piety under Okawaru
  9178 | D:11     | 9178 ||| INVOKING Heroism.
  9324 | D:11     | Found a staircase to the Lair.
  9337 | D:11     | 9337 ||| INVOKING Heroism.
  9469 | D:11     | Noticed a purple ugly thing
  9471 | D:11     | Killed a purple ugly thing
  9493 | D:11     | Noticed a sea snake
  9524 | D:11     | Noticed a sea snake
  9758 | D:11     | 9758 ||| PLANNING LAIR
  9758 | D:11     | 9758 ||| READING scroll labelled BORETZU HIB.
  9758 | D:11     | Identified a scroll of acquirement
  9758 | D:11     | 9758 ||| ACQUIRING ring "Ampiegg" {rElec AC+4 Dex+3}
  9758 | D:11     | Acquired the ring "Ampiegg" {rElec AC+4 Dex+3}
  9760 | D:11     | 9760 ||| DROPPING ring of resist corrosion.
  9761 | D:11     | 9761 ||| DROPPING ring of positive energy.
  9762 | D:11     | 9762 ||| UPGRADING to ring "Ampiegg" {rElec AC+4 Dex+3}.
  9764 | D:11     | 9764 ||| UPGRADING to +6 ring of dexterity.
  9766 | D:11     | 9766 ||| DROPPING ring of protection from cold.
  9767 | D:11     | 9767 ||| READING 4 scrolls of identify.
  9767 | D:11     | 9767 ||| IDENTIFYING pink potion
  9768 | D:11     | 9768 ||| READING 3 scrolls of identify.
  9768 | D:11     | 9768 ||| IDENTIFYING fuming orange potion
  9769 | D:11     | 9769 ||| DROPPING potion of degeneration.
  9809 | Lair:1   | Entered Level 1 of the Lair of Beasts
  9810 | Lair:1   | 9810 ||| INVOKING Heroism.
  9841 | Lair:1   | Identified the +3 chain mail "Baoguh" {rPois rF- Stlth+}
                  | (Okawaru gifted it to you on level 1 of the Lair of Beasts)
  9841 | Lair:1   | Received a gift from Okawaru
  9911 | Lair:1   | Reached XP level 12. HP: 106/106 MP: 17/17
 10090 | Lair:1   | You fall into a shaft and drop 1 floor!
 10090 | Lair:2   | Found a staircase to the Swamp.
 10139 | Lair:2   | Reached skill level 15 in Ranged Weapons
 10168 | Lair:2   | 10168 ||| READING scroll of enchant weapon.
 10168 | Lair:2   | 10168 ||| ENCHANTING +2 arbalest of freezing.
 10340 | Lair:2   | Reached skill level 6 in Armour
 10344 | Lair:2   | Reached skill level 9 in Invocations
 10347 | Lair:2   | 10347 ||| STAIRDANCE
 10465 | Lair:1   | 10465 ||| READING scroll of enchant weapon.
 10465 | Lair:1   | 10465 ||| ENCHANTING +3 arbalest of freezing.
 10469 | Lair:1   | 10469 ||| INVOKING Heroism.
 10763 | Lair:2   | 10763 ||| INVOKING Heroism.
 10817 | Lair:2   | 10817 ||| INVOKING Heroism.
 10860 | Lair:2   | Reached skill level 9 in Dodging
 10918 | Lair:2   | 10918 ||| INVOKING Heroism.
 11223 | Lair:2   | Reached skill level 16 in Ranged Weapons
 11482 | Lair:2   | 11482 ||| READING 5 scrolls of identify.
 11482 | Lair:2   | 11482 ||| IDENTIFYING emerald potion
 11483 | Lair:2   | 11483 ||| DROPPING potion of ambrosia.
 11599 | Lair:3   | 11599 ||| INVOKING Heroism.
 11672 | Lair:3   | 11672 ||| INVOKING Heroism.
 11729 | Lair:3   | Noticed Sonja
 11730 | Lair:3   | 11730 ||| INVOKING Finesse.
 11731 | Lair:3   | 11731 ||| DRINKING potion of curing.
 11731 | Lair:3   | 11731 ||| (to cure confusion)
 11734 | Lair:3   | Killed Sonja
 11848 | Lair:3   | Reached XP level 13. HP: 115/116 MP: 19/19
 11879 | Lair:3   | Identified the +0 pair of gloves of Apathy {Harm Drain
                  | Regen+ rCorr} (Okawaru gifted it to you on level 3 of the
                  | Lair of Beasts)
 11879 | Lair:3   | Received a gift from Okawaru
 12112 | Lair:3   | Found a hole to the Spider Nest.
 12114 | Lair:3   | Reached skill level 17 in Ranged Weapons
 12115 | Lair:3   | 12115 ||| INVOKING Heroism.
 12498 | Lair:4   | 12498 ||| INVOKING Heroism.
 12632 | Lair:4   | 12632 ||| Stepping ~*~*~tactically~*~*~ (cloud).
 12633 | Lair:4   | 12633 ||| INVOKING Heroism.
 12635 | Lair:4   | 12635 ||| Stepping ~*~*~tactically~*~*~ (outnumbered).
 12638 | Lair:4   | 12638 ||| INVOKING Finesse.
 12639 | Lair:4   | 12639 ||| Stepping ~*~*~tactically~*~*~ (cloud).
 12650 | Lair:4   | 12650 ||| Stepping ~*~*~tactically~*~*~ (cloud).
 12832 | Lair:4   | Found a staircase to the Slime Pits.
 12875 | Lair:4   | 12875 ||| READING scroll of brand weapon.
 12875 | Lair:4   | 12875 ||| BRANDING +4 arbalest of freezing.
 13045 | Lair:4   | 13045 ||| DROPPING ring of willpower.
 13046 | Lair:4   | 13046 ||| READING scroll labelled VOFAPT ACZOENOIT.
 13102 | Lair:5   | Entered Level 5 of the Lair of Beasts
 13127 | Lair:5   | 13127 ||| INVOKING Heroism.
 13138 | Lair:5   | Reached skill level 18 in Ranged Weapons
 13248 | Lair:5   | 13248 ||| READING scroll of enchant armour.
 13248 | Lair:5   | 13248 ||| ENCHANTING +1 pair of gloves.
 13319 | Lair:5   | 13319 ||| INVOKING Heroism.
 13327 | Lair:5   | 13327 ||| INVOKING Finesse.
 13382 | Lair:5   | 13382 ||| INVOKING Heroism.
 13465 | Lair:5   | 13465 ||| INVOKING Heroism.
 13479 | Lair:5   | Received a gift from Okawaru
 13489 | Lair:5   | Identified the +8 executioner's axe of Adverse Possession
                  | {drain, rN+}
 13504 | Lair:5   | 13504 ||| INVOKING Heroism.
 13513 | Lair:5   | Reached skill level 12 in Fighting
 13750 | Lair:5   | 13750 ||| INVOKING Heroism.
 13977 | Lair:5   | 13977 ||| INVOKING Heroism.
 14020 | Lair:5   | 14020 ||| PLANNING D
 14020 | Lair:5   | 14020 ||| DROPPING +5 ring of evasion.
 14021 | Lair:5   | 14021 ||| DRINKING 2 fizzy black potions.
 14130 | D:12     | 14130 ||| PLANNING GAUNTLET
 14130 | D:12     | 14130 ||| INVOKING Heroism.
 14135 | D:12     | Reached XP level 14. HP: 115/129 MP: 17/20
 14211 | D:12     | 14211 ||| INVOKING Heroism.
 14263 | D:12     | Found a bloodstained altar of Trog.
 14342 | D:12     | Found a transporter.
 14362 | D:12     | 14362 ||| FLEEEEING.
 14363 | D:12     | 14363 ||| FLEEEEING.
 14402 | D:12     | Found a gate leading to a gauntlet.
 14411 | Gauntlet | Entered a Gauntlet
 14411 | Gauntlet | Found a transporter.
 14420 | Gauntlet | Found a transporter.
 14423 | Gauntlet | Found a transporter.
 14424 | Gauntlet | Found a transporter.
 14435 | Gauntlet | Found a transporter.
 14435 | Gauntlet | Found a transporter.
 14436 | Gauntlet | Found a transporter.
 14448 | Gauntlet | Found a transporter.
 14449 | Gauntlet | Found a transporter.
 14449 | Gauntlet | Found a transporter.
 14457 | Gauntlet | Found a transporter.
 14461 | Gauntlet | Found a transporter.
 14462 | Gauntlet | Found a transporter.
 14469 | Gauntlet | Found a runed translucent door.
 14472 | Gauntlet | Found a transporter.
 14554 | Gauntlet | 14554 ||| INVOKING Heroism.
 14555 | Gauntlet | 14555 ||| Stepping ~*~*~tactically~*~*~ (cloud).
 14575 | Gauntlet | 14575 ||| UPGRADING to +2 cloak of preservation.
 14585 | Gauntlet | 14585 ||| DROPPING +1 cloak.
 14648 | Gauntlet | 14648 ||| READING scroll of enchant armour.
 14648 | Gauntlet | 14648 ||| ENCHANTING +1 pair of boots.
 14671 | D:12     | 14671 ||| PLANNING D
 14675 | D:12     | Found a transporter.
 14805 | D:12     | Found a portal to a secret trove of treasure.
 14844 | D:12     | Noticed Jorgrun
 14845 | D:12     | 14845 ||| INVOKING Heroism.
 14857 | D:12     | HP: 24/129 [Jorgrun/staff of earth (12)]
 14858 | D:12     | 14858 ||| READING 8 scrolls of teleportation.
 14858 | D:12     | HP: 11/129 [constriction (10)]
 14859 | D:12     | 14859 ||| DRINKING 3 potions of heal wounds.
 14860 | D:12     | Killed Jorgrun
 15094 | D:12     | Found the +18 Lear's hauberk
 15289 | D:12     | 15289 ||| UPGRADING to +2 robe of fire resistance.
 15299 | D:12     | 15299 ||| DROPPING +0 ring mail.
 15300 | D:12     | 15300 ||| UPGRADING to +0 troll leather armour.
 15370 | D:13     | 15370 ||| INVOKING Heroism.
 15641 | D:13     | 15641 ||| INVOKING Heroism.
 15642 | D:13     | 15642 ||| INVOKING Finesse.
 15706 | D:13     | 15706 ||| INVOKING Heroism.
 15763 | D:13     | 15763 ||| Stepping ~*~*~tactically~*~*~ (outnumbered).
 15774 | D:13     | 15774 ||| INVOKING Heroism.
 15789 | D:13     | Reached skill level 12 in Dodging
 15840 | D:13     | 15840 ||| INVOKING Heroism.
 15849 | D:13     | Identified the +7 triple crossbow "Paohas" {flame, rN+
                  | rCorr Int+4} (Okawaru gifted it to you on level 13 of the
                  | Dungeon)
 15849 | D:13     | Received a gift from Okawaru
 15855 | D:13     | 15855 ||| FLEEEEING.
 15856 | D:13     | 15856 ||| FLEEEEING.
 15857 | D:13     | 15857 ||| FLEEEEING.
 15858 | D:13     | 15858 ||| FLEEEEING.
 15859 | D:13     | 15859 ||| FLEEEEING.
 15898 | D:13     | 15898 ||| SWAPPING to +7 triple crossbow "Paohas" {flame,
                  | rN+ rCorr Int+4}.
 15899 | D:13     | 15899 ||| DROPPING +4 arbalest of flaming.
 15900 | D:13     | Found a gate to the Vaults.
 16109 | D:13     | 16109 ||| READING scroll labelled MOIKOM SEOFAG.
 16304 | D:14     | Found Ettiw's CLEARANCE SALE!.
 16310 | D:14     | 16310 ||| BUYING potion of curing (9 gold).
 16310 | D:14     | Bought a potion of curing for 9 gold pieces
 16310 | D:14     | 16310 ||| BUYING potion of resistance (30 gold).
 16310 | D:14     | Bought a potion of resistance for 30 gold pieces
 16464 | D:14     | 16464 ||| INVOKING Heroism.
 16682 | D:14     | Noticed Agnes
 16683 | D:14     | 16683 ||| INVOKING Heroism.
 16684 | D:14     | 16684 ||| INVOKING Finesse.
 16688 | D:14     | Killed Agnes
 16983 | D:15     | Entered Level 15 of the Dungeon
 17040 | D:15     | 17040 ||| INVOKING Heroism.
 17052 | D:15     | Reached skill level 19 in Ranged Weapons
 17058 | D:15     | 17058 ||| INVOKING Finesse.
 17061 | D:15     | Reached XP level 15. HP: 67/138 MP: 15/21
 17121 | D:15     | 17121 ||| INVOKING Heroism.
 17177 | D:15     | 17177 ||| INVOKING Heroism.
 17195 | D:15     | Received a gift from Okawaru
 17196 | D:15     | Found a staircase to the Depths.
 17205 | D:15     | Reached skill level 20 in Ranged Weapons
 17221 | D:15     | 17221 ||| INVOKING Heroism.
 17266 | D:15     | 17266 ||| INVOKING Heroism.
 17307 | D:15     | 17307 ||| INVOKING Heroism.
 17521 | D:15     | Noticed Roxanne
 17522 | D:15     | 17522 ||| INVOKING Heroism.
 17523 | D:15     | 17523 ||| INVOKING Finesse.
 17529 | D:15     | Killed Roxanne
 17851 | D:15     | 17851 ||| PLANNING ORC
 17949 | Orc:1    | Entered Level 1 of the Orcish Mines
 18260 | Orc:2    | Entered Level 2 of the Orcish Mines
 18265 | Orc:2    | Found a staircase to the Elven Halls.
 18265 | Orc:2    | Noticed Saint Roka
 18266 | Orc:2    | 18266 ||| INVOKING Heroism.
 18267 | Orc:2    | 18267 ||| INVOKING Finesse.
 18282 | Orc:2    | 18282 ||| DRINKING 5 potions of curing.
 18282 | Orc:2    | 18282 ||| (to cure confusion)
 18285 | Orc:2    | Reached skill level 21 in Ranged Weapons
 18287 | Orc:2    | Killed Saint Roka
 18287 | Orc:2    | Received a gift from Okawaru
 18339 | Orc:2    | Found Saygik's Weapon Shoppe.
 18360 | Orc:2    | 18360 ||| Stepping ~*~*~tactically~*~*~ (outnumbered).
 18362 | Orc:2    | 18362 ||| Stepping ~*~*~tactically~*~*~ (outnumbered).
 18364 | Orc:2    | 18364 ||| Stepping ~*~*~tactically~*~*~ (outnumbered).
 18371 | Orc:2    | 18371 ||| INVOKING Heroism.
 18381 | Orc:2    | 18381 ||| Stepping ~*~*~tactically~*~*~ (outnumbered).
 18395 | Orc:2    | 18395 ||| Stepping ~*~*~tactically~*~*~ (outnumbered).
 18396 | Orc:2    | 18396 ||| Stepping ~*~*~tactically~*~*~ (outnumbered).
 18398 | Orc:2    | 18398 ||| Stepping ~*~*~tactically~*~*~ (outnumbered).
 18409 | Orc:2    | 18409 ||| Stepping ~*~*~tactically~*~*~ (outnumbered).
 18410 | Orc:2    | 18410 ||| INVOKING Finesse.
 18416 | Orc:2    | 18416 ||| INVOKING Heroism.
 18417 | Orc:2    | Identified the +2 robe of Uciuzo {*Slow rC+++ Regen+ SInv}
                  | (Okawaru gifted it to you on level 2 of the Orcish Mines)
 18417 | Orc:2    | Received a gift from Okawaru
 18424 | Orc:2    | 18424 ||| Stepping ~*~*~tactically~*~*~ (outnumbered).
 18465 | Orc:2    | 18465 ||| INVOKING Heroism.
 18500 | Orc:2    | Found Sadoevef's Antique Armour Shoppe.
 18517 | Orc:2    | Found Fudelao's Antique Weapon Shoppe.
 18603 | Orc:2    | 18603 ||| BUYING glowing leather armour (170 gold).
 18603 | Orc:2    | Bought a glowing leather armour for 170 gold pieces
 18603 | Orc:2    | 18603 ||| BUYING pair of glowing gloves (255 gold).
 18603 | Orc:2    | Bought a pair of glowing gloves for 255 gold pieces
 18717 | Orc:2    | Found Foduquiq's Book Shoppe.
 18747 | Orc:2    | Found Mecom's General Store.
 18755 | Orc:2    | 18755 ||| BUYING potion of curing (54 gold).
 18755 | Orc:2    | Bought a potion of curing for 54 gold pieces
 18838 | Orc:2    | 18838 ||| PLANNING SWAMP:1-3
 18838 | Orc:2    | 18838 ||| DROPPING +2 robe of fire resistance.
 18839 | Orc:2    | 18839 ||| UPGRADING to +2 robe of Uciuzo {*Slow rC+++
                  | Regen+ SInv}.
 18849 | Orc:2    | 18849 ||| DROPPING +1 pair of gloves.
 18990 | Swamp:1  | Entered Level 1 of the Swamp
 19052 | Swamp:1  | 19052 ||| Stepping ~*~*~tactically~*~*~ (water).
 19054 | Swamp:1  | 19054 ||| Stepping ~*~*~tactically~*~*~ (water).
 19056 | Swamp:1  | 19056 ||| Stepping ~*~*~tactically~*~*~ (water).
 19084 | Swamp:1  | 19084 ||| Stepping ~*~*~tactically~*~*~ (water).
 19087 | Swamp:1  | Reached skill level 15 in Fighting
 19140 | Swamp:1  | 19140 ||| Stepping ~*~*~tactically~*~*~ (water).
 19142 | Swamp:1  | 19142 ||| Stepping ~*~*~tactically~*~*~ (water).
 19144 | Swamp:1  | 19144 ||| Stepping ~*~*~tactically~*~*~ (water).
 19146 | Swamp:1  | 19146 ||| Stepping ~*~*~tactically~*~*~ (water).
 19148 | Swamp:1  | 19148 ||| Stepping ~*~*~tactically~*~*~ (water).
 19150 | Swamp:1  | 19150 ||| Stepping ~*~*~tactically~*~*~ (water).
 19276 | Swamp:1  | 19276 ||| Stepping ~*~*~tactically~*~*~ (water).
 19286 | Swamp:1  | 19286 ||| Stepping ~*~*~tactically~*~*~ (water).
 19438 | Swamp:2  | 19438 ||| Stepping ~*~*~tactically~*~*~ (water).
 19491 | Swamp:2  | 19491 ||| DRINKING 2 potions of resistance.
 19512 | Swamp:2  | 19512 ||| Stepping ~*~*~tactically~*~*~ (water).
 19527 | Swamp:2  | 19527 ||| Stepping ~*~*~tactically~*~*~ (water).
 19583 | Swamp:2  | Noticed Louise
 19585 | Swamp:2  | 19585 ||| INVOKING Heroism.
 19586 | Swamp:2  | 19586 ||| INVOKING Finesse.
 19596 | Swamp:2  | Reached XP level 16. HP: 102/149 MP: 15/22
 19597 | Swamp:2  | Killed Louise
 19622 | Swamp:2  | 19622 ||| DRINKING potion of resistance.
 19631 | Swamp:2  | Noticed Mlioglotl
 19632 | Swamp:2  | 19632 ||| INVOKING Heroism.
 19639 | Swamp:2  | Killed Mlioglotl
 19682 | Swamp:2  | 19682 ||| INVOKING Heroism.
 19740 | Swamp:2  | 19740 ||| Stepping ~*~*~tactically~*~*~ (water).
 19866 | Swamp:2  | 19866 ||| Stepping ~*~*~tactically~*~*~ (water).
 19874 | Swamp:2  | Reached skill level 22 in Ranged Weapons
 20034 | Swamp:2  | 20034 ||| DROPPING +2 pair of gloves.
 20072 | Swamp:3  | 20072 ||| Stepping ~*~*~tactically~*~*~ (water).
 20074 | Swamp:3  | 20074 ||| Stepping ~*~*~tactically~*~*~ (water).
 20078 | Swamp:3  | 20078 ||| Stepping ~*~*~tactically~*~*~ (water).
 20080 | Swamp:3  | 20080 ||| Stepping ~*~*~tactically~*~*~ (water).
 20081 | Swamp:3  | 20081 ||| Stepping ~*~*~tactically~*~*~ (cloud).
 20133 | Swamp:3  | 20133 ||| Stepping ~*~*~tactically~*~*~ (water).
 20221 | Swamp:3  | 20221 ||| INVOKING Heroism.
 20292 | Swamp:3  | Reached skill level 15 in Dodging
 20331 | Swamp:3  | 20331 ||| Stepping ~*~*~tactically~*~*~ (water).
 20336 | Swamp:3  | 20336 ||| Stepping ~*~*~tactically~*~*~ (water).
 20338 | Swamp:3  | 20338 ||| Stepping ~*~*~tactically~*~*~ (water).
 20346 | Swamp:3  | 20346 ||| INVOKING Heroism.
 20488 | Swamp:3  | Found a runed translucent door.
 20655 | Swamp:3  | 20655 ||| PLANNING SPIDER:1-3
 20822 | Spider:1 | Entered Level 1 of the Spider Nest
 20910 | Spider:1 | Received a gift from Okawaru
 21001 | Spider:1 | 21001 ||| INVOKING Heroism.
 21107 | Spider:1 | 21107 ||| INVOKING Heroism.
 21114 | Spider:1 | 21114 ||| INVOKING Finesse.
 21493 | Spider:2 | Received a gift from Okawaru
 21589 | Spider:2 | You fall into a shaft and drop 1 floor!
 21619 | Spider:3 | Found a frozen archway.
 21740 | Spider:3 | 21740 ||| INVOKING Heroism.
 21765 | Spider:3 | Reached XP level 17. HP: 154/161 MP: 23/23
 21843 | Spider:3 | 21843 ||| INVOKING Heroism.
 21978 | Spider:2 | 21978 ||| FLEEEEING.
 21979 | Spider:2 | 21979 ||| FLEEEEING.
 21980 | Spider:2 | 21980 ||| FLEEEEING.
 21981 | Spider:2 | 21981 ||| FLEEEEING.
 21982 | Spider:2 | 21982 ||| FLEEEEING.
 21983 | Spider:2 | 21983 ||| FLEEEEING.
 21989 | Spider:2 | 21989 ||| FLEEEEING.
 21998 | Spider:2 | 21998 ||| STAIRDANCE
 22105 | Spider:2 | 22105 ||| FLEEEEING.
 22106 | Spider:2 | 22106 ||| FLEEEEING.
 22109 | Spider:2 | 22109 ||| FLEEEEING.
 22110 | Spider:2 | 22110 ||| FLEEEEING.
 22111 | Spider:2 | 22111 ||| STAIRDANCE
 22216 | Spider:2 | 22216 ||| STAIRDANCE
 22218 | Spider:2 | 22218 ||| DRINKING 7 potions of curing.
 22218 | Spider:2 | 22218 ||| (to cure confusion)
 22220 | Spider:2 | 22220 ||| STAIRDANCE
 22222 | Spider:2 | 22222 ||| STAIRDANCE
 22224 | Spider:1 | 22224 ||| INVOKING Heroism.
 22228 | Spider:1 | 22228 ||| DRINKING 6 potions of curing.
 22228 | Spider:1 | 22228 ||| (to cure confusion)
 22287 | Spider:2 | 22287 ||| INVOKING Finesse.
 22295 | Spider:2 | 22295 ||| INVOKING Heroism.
 22610 | Spider:2 | 22610 ||| INVOKING Heroism.
 22664 | Spider:2 | 22664 ||| INVOKING Heroism.
 22672 | Spider:2 | Reached skill level 18 in Fighting
 23050 | Spider:3 | Identified the +0 pair of gloves "Jifac" {Contam Dex+5}
 23462 | Spider:3 | 23462 ||| PLANNING SWAMP:4
 23462 | Spider:3 | 23462 ||| DROPPING +0 pair of gloves of Apathy {Harm Drain
                  | Regen+ rCorr}.
 23463 | Spider:3 | 23463 ||| UPGRADING to +0 pair of gloves "Jifac" {Contam
                  | Dex+5}.
 23473 | Spider:3 | 23473 ||| DROPPING +2 pair of gloves.
 23703 | Swamp:4  | Entered Level 4 of the Swamp
 23719 | Swamp:4  | 23719 ||| INVOKING Heroism.
 23773 | Swamp:4  | 23773 ||| INVOKING Heroism.
 23776 | Swamp:4  | 23776 ||| Stepping ~*~*~tactically~*~*~ (cloud).
 23828 | Swamp:4  | 23828 ||| Stepping ~*~*~tactically~*~*~ (cloud).
 23829 | Swamp:4  | 23829 ||| Stepping ~*~*~tactically~*~*~ (water).
 23831 | Swamp:4  | 23831 ||| Stepping ~*~*~tactically~*~*~ (cloud).
 23832 | Swamp:4  | 23832 ||| Stepping ~*~*~tactically~*~*~ (water).
 23834 | Swamp:4  | 23834 ||| Stepping ~*~*~tactically~*~*~ (cloud).
 23836 | Swamp:4  | 23836 ||| Stepping ~*~*~tactically~*~*~ (cloud).
 23839 | Swamp:4  | 23839 ||| INVOKING Heroism.
 23840 | Swamp:4  | 23840 ||| INVOKING Finesse.
 23843 | Swamp:4  | 23843 ||| DRINKING 6 potions of curing.
 23843 | Swamp:4  | 23843 ||| (to cure confusion)
 23851 | Swamp:4  | 23851 ||| DRINKING 5 potions of curing.
 23851 | Swamp:4  | 23851 ||| (to cure confusion)
 23854 | Swamp:4  | Reached skill level 18 in Dodging
 23940 | Swamp:4  | Got a decaying rune of Zot
 23966 | Swamp:4  | 23966 ||| INVOKING Heroism.
 23996 | Swamp:4  | Found a runed translucent gate.
 23996 | Swamp:4  | Found a runed translucent gate.
 23996 | Swamp:4  | Found a runed translucent gate.
 23999 | Swamp:4  | 23999 ||| Stepping ~*~*~tactically~*~*~ (water).
 24001 | Swamp:4  | Received a gift from Okawaru
 24103 | Swamp:4  | Identified the ring "Four" {rF+ rC+ Will+ Str+6 Stlth+}
 24109 | Swamp:4  | Noticed a tentacled monstrosity
 24111 | Swamp:4  | Noticed qw's ghost (adept GrFi)
 24264 | Swamp:4  | 24264 ||| PLANNING VAULTS:1-4
 24429 | Vaults:1 | Entered Level 1 of the Vaults
 24497 | Vaults:1 | 24497 ||| READING scroll of acquirement.
 24497 | Vaults:1 | 24497 ||| ACQUIRING 1005 gold pieces
 24497 | Vaults:1 | Acquired 1005 gold pieces
 24613 | Vaults:1 | 24613 ||| Stepping ~*~*~tactically~*~*~ (outnumbered).
 24615 | Vaults:1 | 24615 ||| Stepping ~*~*~tactically~*~*~ (outnumbered).
 24617 | Vaults:1 | 24617 ||| Stepping ~*~*~tactically~*~*~ (outnumbered).
 24631 | Vaults:1 | HP: 38/163 [vault warden/+2 antimagic bardiche (8)]
 24632 | Vaults:1 | 24632 ||| READING 13 scrolls of teleportation.
 24632 | Vaults:1 | Slain by a vault warden

Levels and vault maps discovered:
D:1:      heliophobic_arrival_glass_houses, layout_basic, serial_shops,
          nicolae_shop_dealshenge
D:2:      layout_basic, kennysheep_cross_room, nicolae_kite_square_tiling_tiny,
          corexii_corridor_pit, uniq_robin, uniq_natasha
D:3:      layout_basic, nicolae_overflow_crystal_walls
D:4:      layout_rooms, doesnt_xom_only_xom, fedhas_ov_isle_minmay,
          kennysheep_nub
D:5:      layout_loops_cross, kennysheep_mini, uniq_eustachio
D:6:      layout_rooms, nicolae_wu_jian_immortal_techniques,
          cheibrodos_sewer_entry_sluice, minmay_fractal_squares_diagonal_5
D:7:      layout_loops_ring, nicolae_overflow_hidden_temple,
          kennysheep_slug_shrine, minmay_temple_entry_fiery
D:8:      layout_rooms, grunt_dithmenos_smoke_and_mirrors,
          mainiacjoe_overflow_chevrons
D:9:      layout_layer_cave, biasface_ghost_orc_armoury, serial_shops, shop,
          uniq_maurice
D:10:     layout_basic, good_gods_temple_1, orc_0_dummy, minmay_bent
D:11:     layout_rooms, hellmonk_lair_entry_icy, serial_aquarium,
          aquarium_bridge_island_small [aquarium_subvault_small_open,
          aquarium_subvault_wall, aquarium_subvault_wall,
          aquarium_subvault_bridge, aquarium_subvault_window],
          aquarium_window_double, aquarium_window_fake, aquarium_window_fake,
          aquarium_view_2c, aquarium_pool_1
D:12:     layout_irregular_city, nicolae_trove_entry_columns,
          gauntlet_entry_generic, gammafunk_ghost_mausoleum,
          roderic_serpentine_path, trog_three_pillars_becter, uniq_jorgrun
D:13:     layout_stronghold, erik_vaults_2, serial_park_tiny_pond
D:14:     hellmonk_destroyed_diamonds, layout_long_grid, dk_noncrumbling_3,
          hangedman_decor_diamond_cutter, nicolae_shop_clearance, uniq_agnes
D:15:     gammafunk_depths_entry_grave, layout_cave_pods, uniq_roxanne
Temple:   jpeg_temple_alley_garden
Lair:1:   layout_long_grid, serial_bayou_shore_a
Lair:2:   layout_cave_pods, minmay_swamp_entry_eels, grunt_megastairs_4,
          serial_bayou_shore_b
Lair:3:   layout_long_grid, spider_nest_entry_funnel_web, uniq_sonja
Lair:4:   nzn_motion_control, layout_cellular_growth,
          nicolae_slime_entry_slimehenge, small_statue_intersection
Lair:5:   minmay_lair_end_enchanted_forest, layout_cellular_growth
Swamp:1:  layout_basic_swamp, hangedman_swamp_diagram
Swamp:2:  layout_falls_marsh, evilmike_swamp_ruin_rubble_2, swamp_pool3,
          infiniplex_staircase_pool_2, uniq_louise, uniq_mlioglotl
Swamp:3:  gammafunk_mikee_crab_dinner, layout_basic_swamp,
          evilmike_swamp_ruin_rubble_1, infiniplex_staircase_pool
Swamp:4:  swamp, layout_basic_swamp, gammafunk_ghost_split, swamp_pool1
Spider:1: layout_spider_delve
Spider:2: layout_spider_delve, einodemon_crawler_minivault
Spider:3: layout_spider_delve, portal_ice_cave_entry_ugly_swarm
Orc:1:    layout_caves, basic_altar
Orc:2:    grunt_orc_cross, layout_caves, serial_shops, shop, uniq_saint_roka
Vaults:1: grunt_vaults_diagonal, v_misc_26, hangedman_vaults_unwind,
          nicolae_vaults_angled_halls, nicolae_vaults_little_squares_1,
          ontoclasm_vaults_ring_small, v_rooms_3,
          nicolae_vaults_closet_pinwheel_6, dpeg_vaults_monster_row,
          grunt_vaults_funnel, layout_vaults_omnibox, uniq_aizul

Skill      XL: |  1  2  3  4  5  6  7  8  9 10 11 12 13 14 15 16 17 |
---------------+----------------------------------------------------+-----
Ranged Weapons | 3 4 5 6 7 8 10 12 14 16 18 19 21 22 | 22.0
Fighting       | 2 3 4 5 7 8 9 10 11 13 14 15 17 18 | 18.0
Armour         | 1 3 5 6 7 8 |  8.1
Dodging        | 3 5 6 8 9 10 13 14 16 19 | 19.6
Invocations    | 2 4 8 10 | 10.0
Spellcasting   | |  1.0
Hexes          | |  2.0

Action                     |  1- 3 |  4- 6 |  7- 9 | 10-12 | 13-15 | 16-18 || total
---------------------------+-------+-------+-------+-------+-------+-------++-------
   Fire: Sling             |   182 |    81 |       |       |       |       ||   263
         Arbalest          |       |    91 |   281 |   431 |   524 |       ||  1327
         Triple crossbow   |       |       |       |       |   382 |   682 ||  1064
 Invoke: Heroism           |       |       |     1 |    15 |    33 |    16 ||    65
         Finesse           |       |       |       |     1 |     9 |     3 ||    13
    Use: Scroll            |     4 |     7 |    11 |     9 |     6 |     2 ||    39
         Potion            |       |       |       |     1 |     4 |     5 ||    10
 Armour: Robe              |    23 |     5 |       |       |     2 |   110 ||   140
         Animal skin       |       |     5 |       |       |       |       ||     5
         Leather armour    |       |     5 |     4 |       |       |       ||     9
         Ring mail         |       |       |    50 |    64 |   110 |       ||   224
         Troll leather arm |       |       |       |       |    78 |       ||    78
  Dodge: Dodged            |    75 |    89 |   117 |   197 |   693 |   674 ||  1845

Table legend:
 A = Non-vault XP
 B = Vault XP
 C = Vault XP percentage of total XP
 D = Non-vault monster count
 E = Vault monster count
 F = Vault count percentage of total count
                 A         B        C        D         E       F
            +---------+---------+-------+---------+---------+-------
      Total |  206404 |   81267 |  28.2 |     768 |     249 |  24.5
            +---------+---------+-------+---------+---------+-------
        D:1 |      59 |       0 |   0.0 |      28 |       0 |   0.0
        D:2 |     205 |      74 |  26.5 |      29 |      14 |  32.6
        D:3 |      62 |       0 |   0.0 |      18 |       0 |   0.0
        D:4 |     414 |       0 |   0.0 |      24 |       0 |   0.0
        D:5 |     835 |     191 |  18.6 |      12 |       1 |   7.7
        D:6 |     484 |     493 |  50.5 |       6 |       9 |  60.0
        D:7 |     528 |       4 |   0.8 |      16 |       1 |   5.9
        D:8 |    1585 |       0 |   0.0 |      22 |       0 |   0.0
        D:9 |    2805 |     508 |  15.3 |      35 |       1 |   2.8
       D:10 |     919 |    3665 |  80.0 |      11 |      10 |  47.6
       D:11 |    3964 |    1496 |  27.4 |      15 |      10 |  40.0
       D:12 |    8437 |    1786 |  17.5 |      26 |       1 |   3.7
       D:13 |    5600 |    6887 |  55.2 |      26 |       8 |  23.5
       D:14 |    7194 |    1485 |  17.1 |      17 |       1 |   5.6
       D:15 |   21829 |    6992 |  24.3 |      47 |       9 |  16.1
     Lair:1 |    5603 |       0 |   0.0 |      26 |       0 |   0.0
     Lair:2 |    8320 |    1268 |  13.2 |      29 |       6 |  17.1
     Lair:3 |    7844 |    1978 |  20.1 |      30 |       5 |  14.3
     Lair:4 |    3329 |    2867 |  46.3 |      14 |      11 |  44.0
     Lair:5 |    5746 |    8890 |  60.7 |      20 |      48 |  70.6
    Swamp:1 |    5944 |       0 |   0.0 |      13 |       0 |   0.0
    Swamp:2 |   14118 |    3018 |  17.6 |      26 |       2 |   7.1
    Swamp:3 |   16413 |       0 |   0.0 |      32 |       0 |   0.0
    Swamp:4 |   11462 |   15000 |  56.7 |      18 |      23 |  56.1
   Spider:1 |   17706 |       0 |   0.0 |      49 |       0 |   0.0
   Spider:2 |   21894 |    2142 |   8.9 |      61 |       5 |   7.6
   Spider:3 |   19320 |    4820 |  20.0 |      52 |       8 |  13.3
      Orc:1 |    1505 |       0 |   0.0 |      18 |       0 |   0.0
      Orc:2 |    3384 |   11164 |  76.7 |      33 |      49 |  59.8
   Vaults:1 |    8896 |    4098 |  31.5 |      15 |       4 |  21.1
      Sewer |       0 |     219 | 100.0 |       0 |      20 | 100.0
   Gauntlet |       0 |    2222 | 100.0 |       0 |       3 | 100.0
            +---------+---------+-------+---------+---------+-------
